 Dungeon Crawl Stone Soup version 0.26.1-11-gd32895ea62 (webtiles) character file.

Game seed: 3950019327933352416

245 H0rd4k the Insei (level 6, 0/38 HPs)
             Began as an Octopode Transmuter on Apr 30, 2021.
             Slain by an orc wizard
             ... wielding a +0 dagger
              (3 damage)
             ... on level 4 of the Dungeon.
             The game lasted 00:04:28 (3740 turns).

H0rd4k the Insei (Octopode Transmuter)              Turns: 3740, Time: 00:04:28

Health: 0/38       AC:  1    Str: 10    XL:     6   Next: 10%
Magic:  9/9        EV: 14    Int: 17    God:
Gold:   120        SH:  0    Dex: 12    Spells: 5/9 levels left

rFire    . . .     SeeInvis .     - Unarmed
rCold    . . .     Faith    .   (no shield)
rNeg     . . .     Spirit   .   (helmet restricted)
rPois    .         Reflect  .   (no amulet)
rElec    .         Harm     .   j - ring of willpower
rCorr    .         Rampage  .   r - ring of wizardry
Will     +....                  (no ring)
Stlth    +++.......             (no ring)
HPRegen  0.12/turn              (no ring)
MPRegen  0.11/turn              (no ring)
                                (no ring)
                                (no ring)

@: no status effects
A: almost no armour, stealthy swim, amphibious, 8 rings, constrict 8, camouflage
1, gelatinous body 1
a: no special abilities


You were on level 4 of the Dungeon.
You visited 1 branch of the dungeon, and saw 4 of its levels.

You collected 120 gold pieces.

Inventory:

Missiles
 p - 15 poisoned darts (quivered)
Jewellery
 j - a ring of willpower (left tentacle)
 r - a ring of wizardry (right tentacle)
Wands
 t - a wand of polymorph (7)
 u - a wand of acid (5)
Scrolls
 c - a scroll of random uselessness {unknown}
 d - a scroll of amnesia {unknown}
 e - 6 scrolls of identify {unknown}
 f - 3 scrolls of magic mapping {unknown}
 g - 3 scrolls of fear {unknown}
 k - 3 scrolls of enchant weapon {unknown}
 m - 2 scrolls of enchant armour {unknown}
 n - 2 scrolls of remove curse {unknown}
 s - a scroll of teleportation {unknown}
 v - a scroll of immolation {unknown}
Potions
 b - a potion of lignification {unknown}
 h - a potion of haste {unknown}
 i - 4 potions of heal wounds {unknown}
 l - a potion of brilliance {unknown}
 o - 2 potions of degeneration {unknown}
 q - 2 potions of curing {unknown}


   Skills:
 + Level 1.1 Fighting
 + Level 2.6 Dodging
 + Level 3.8 Stealth
 + Level 4.5 Unarmed Combat
 * Level 2.3 Spellcasting
 * Level 3.3 Transmutations
 * Level 0.5 Poison Magic


You had 5 spell levels left.
You knew the following spells:

 Your Spells              Type           Power        Failure   Level
a - Beastly Appendage     Tmut           26%          1%          1
b - Spider Form           Tmut/Pois      4%           11%         3

Your spell library contained the following spells:

 Spells                   Type           Power        Failure   Level
 Wereblood                Tmut           13%          3%          2
 Ice Form                 Ice/Tmut       7%           34%         4
 Blade Hands              Tmut           6%           45%         5


Dungeon Overview and Level Annotations

Branches:
Dungeon (4/15)
 Temple: D:4-7

Altars:
Fedhas
Ru


Innate Abilities, Weirdness & Mutations

You cannot wear most types of armour.
You are very stealthy in the water. (Stealth+)
You are amphibious.
You can wear up to eight rings at the same time.
You can use your tentacles to constrict eight enemies at once.
Your skin changes colour to match your surroundings (Stealth+).
Your rubbery body absorbs attacks. (AC +1, EV +1)


Message History

The orc closely misses you.
The orc priest shouts!
You tentacle-slap the orc. Your grab misses the orc.
The orc is almost dead.
You closely miss the orc. You grab the orc.
The orc is almost dead.
You constrict the orc.
You kill the orc!
The orc wizard points at you and mumbles some strange words.
The puff of frost hits you! The orc priest hits you.
You bludgeon the orc priest! Your grab misses the orc priest.
The orc priest is heavily wounded.
The orc wizard hits you with a +0 dagger.
The orc priest calls down the wrath of Beogh upon you.
Beogh smites you!
* * * LOW HITPOINT WARNING * * *
Unknown command.
The orc priest begins to cast a cantrip, but forgets the words!
The orc wizard hits you with a +0 dagger.
You die...

#.....#.# ## #.###.#<# #. #.#
#.#.# #. ## ########.#
#.#รท########## #. ..
#........###.#..........# #. ..
#.###...................##### ..
#.#.....................'....
..###'#.####....)...........#####
..#...........o.@................
..#......#.#...o##....<.....####.
..............(..#.#.###########.
............(.#....#.............
.........................[.......
......#..........................
......#######.##########.#....###
##...............................
#..........#.######...#.#.....#.


You could see an orc priest and an orc wizard.

Vanquished Creatures
  An orc priest (D:4)
  An iguana (D:4)
  Robin (D:3)
  7 adders
  2 oozes
  2 worms (D:2)
  2 dart slugs
  3 leopard geckos
  5 orcs
  5 giant cockroaches
  15 goblins
  10 hobgoblins
  5 jackals
  9 kobolds
  A quokka (D:4)
  A ball python (D:1)
  8 bats
  5 frilled lizards
  A jackal skeleton (D:4)
  8 rats
92 creatures vanquished.

Notes
Turn   | Place    | Note
-------+----------+-------------------------------------------
     0 | D:1      | H0rd4k the Octopode Transmuter began the quest for the Orb.
     0 | D:1      | Reached XP level 1. HP: 13/13 MP: 3/3
    98 | D:1      | Reached XP level 2. HP: 16/18 MP: 5/5
   399 | D:1      | Reached XP level 3. HP: 22/23 MP: 4/6
   451 | D:1      | Reached skill level 1 in Stealth
  1306 | D:2      | Found a blossoming altar of Fedhas.
  1306 | D:2      | Found a sacrificial altar of Ru.
  1504 | D:2      | Reached XP level 4. HP: 28/28 MP: 7/7
  2626 | D:3      | Learned a level 3 spell: Spider Form
  2859 | D:3      | Noticed Robin
  2881 | D:3      | Reached skill level 4 in Unarmed Combat
  2883 | D:3      | Reached XP level 5. HP: 16/33 MP: 6/8
  2883 | D:3      | Killed Robin
  3708 | D:4      | Reached XP level 6. HP: 28/38 MP: 9/9
  3740 | D:4      | Slain by an orc wizard

Illustrated notes

Levels and vault maps discovered:
D:1:      erik_arrival_triangle_medium, layout_rooms
D:2:      layout_loops_ring, chequers_temple_overflow_statue_of_worship,
          minmay_parallelograms
D:3:      layout_loops_ring, uniq_robin
D:4:      layout_basic, serial_shops, shop

Skill      XL: |  1  2  3  4  5 |
---------------+----------------+-----
Stealth        | 2 3 |  3.8
Unarmed Combat | 4 |  4.5
Transmutations | 3 |  3.3
Fighting       | |  1.1
Dodging        | |  2.6
Spellcasting   | |  2.3
Poison Magic   | |  0.5

Action                   |  1- 3 |  4- 6 || total
-------------------------+-------+-------++-------
Melee: Unarmed           |    75 |   112 ||   187
       Tentacles         |    14 |    14 ||    28
       Constrict         |    20 |    29 ||    49
       Kick              |     6 |    14 ||    20
       Punch             |     1 |     1 ||     2
Throw: Dart              |     1 |     3 ||     4
 Cast: Beastly Appendage |     7 |     9 ||    16
 Stab: Sleeping          |     2 |    11 ||    13
Armor: Skin              |    10 |     5 ||    15
Dodge: Dodged            |    45 |    70 ||   115
